 Dungeon Crawl Stone Soup version 0.23.0-3-gf3c87f2 (webtiles) character file.

Game seed: 12054877075210720363

126 Fang the Skirmisher (level 5, -2/49 HPs)
             Began as a Gargoyle Berserker on Feb 21, 2019.
             Was a Believer of Trog.
             Slain by an orc
             ... wielding a +0 flail
              (4 damage)
             ... on level 3 of the Dungeon.
             The game lasted 00:01:40 (1240 turns).

Fang the Skirmisher (Gargoyle Berserker)            Turns: 1240, Time: 00:01:41

Health: -2/49      AC:  6    Str: 26    XL:     5   Next: 10%
Magic:  5/5        EV: 12    Int:  8    God:    Trog [**....]
Gold:   150        SH:  0    Dex:  9    Spells: 4/4 levels left

rFire    + . .     SeeInvis .   a - +0 hand axe
rCold    x . .     Gourm    .   (no shield)
rNeg     + . .     Faith    .   b - +0 animal skin
rPois    ∞         Spirit   .   (no helmet)
rElec    +         Reflect  .   (no cloak)
rCorr    .         Harm     .   (no gloves)
MR       +....                  (no boots)
Stlth    ..........             (no amulet)
HPRegen  0.16/turn              f - ring of fire
MPRegen  0.09/turn              h - ring of protection from magic

@: berserking, very quick
A: negative energy resistance 1, electricity resistance, unbreathing,
petrification resistance, rot immunity, AC +4
a: Berserk, Trog's Hand, Renounce Religion


You were on level 3 of the Dungeon.
You worshipped Trog.
Trog was pleased with you.
You were very hungry.

You visited 1 branch of the dungeon, and saw 3 of its levels.

You collected 150 gold pieces.

Inventory:

Hand Weapons
 a - a +0 hand axe (weapon)
Armour
 b - a +0 animal skin (worn)
Jewellery
 f - a ring of fire (left hand)
 h - a ring of protection from magic (right hand)
Scrolls
 d - a scroll of remove curse {unknown}
 e - a scroll of magic mapping {unknown}
 g - a scroll of teleportation {unknown}
 i - a scroll of enchant weapon {unknown}
 j - 4 scrolls of identify {unknown}
 o - a scroll of enchant armour {unknown}
Potions
 k - a potion of lignification {unknown}
 l - a potion of berserk rage {unknown}
 m - a potion of mutation {unknown}
 p - 2 potions of magic {unknown}
 q - a potion of degeneration {unknown}
Comestibles
 c - 7 rations
 n - a chunk of flesh


   Skills:
 + Level 4.2 Fighting
 + Level 3.4 Axes
 + Level 3.3 Armour
 + Level 2.4 Dodging


You had 4 spell levels left.
You didn't know any spells.
Your spell library was empty.

Dungeon Overview and Level Annotations

Branches:
Dungeon (2/15)

Altars:


Innate Abilities, Weirdness & Mutations

You are resistant to torment.
Your stone body is resilient. (AC +4)
You are immune to poison.
You resist negative energy. (rN+)
You are resistant to electric shocks. (rElec)
You can survive without breathing.
You are immune to petrification.
You are immune to rotting.


Message History

The orc is lightly wounded.
You hit the orc. The orc hits you with a +0 hand axe.
* * * LOW HITPOINT WARNING * * *
A crimson imp comes into view.
You slash the orc!
You kill the orc!
Trog accepts your kill.
You slash the orc!
You kill the orc!
Trog accepts your kill. The orc priest misses you.
An orc comes into view.
An orc wizard comes into view. It is wielding a +0 dagger.
The orc priest closely misses you.
The orc moves out of view.
Things that are here:
a +0 falchion; 3 tomahawks; an orc corpse You hit the orc priest.
The orc priest is lightly wounded.
You hit the orc. The orc hits you with a +0 flail.
You die...

####..........
#............. ..
#.##.......#.. .. .
#............# .# o.
#..........#.# .###5#
##.........#.# .....
#.........#.###..#
#.........#.).oo.#
#.........(.(.@..#
#.....##.........#
#.....##.........#
#.....##............
#.....##.............
########.............#
#..........[...
#..............
#........


You could see an orc priest, a crimson imp and 2 orcs.

Vanquished Creatures
  An orc priest (D:2)
  An adder (D:2)
  2 oozes
  3 worms
  2 dart slugs (D:1)
  A leopard gecko (D:1)
  2 orcs (D:3)
  2 giant cockroaches (D:2)
  8 goblins
  11 hobgoblins
  6 jackals (D:1)
  2 quokkas (D:2)
  8 bats
  A frilled lizard (D:2)
  6 kobolds
  2 rats (D:2)
58 creatures vanquished.

Notes
Turn   | Place    | Note
-------+----------+-------------------------------------------
     0 | D:1      | Fang the Gargoyle Berserker began the quest for the Orb.
     0 | D:1      | Reached XP level 1. HP: 14/14 MP: 1/1
    17 | D:1      | Reached XP level 2. HP: 14/19 MP: 2/2
   168 | D:1      | Reached ** piety under Trog
   171 | D:1      | Reached XP level 3. HP: 17/23 MP: 3/3
   635 | D:2      | Reached XP level 4. HP: 28/29 MP: 4/4
   682 | D:2      | Reached skill level 4 in Fighting
   897 | D:2      | Reached XP level 5. HP: 33/33 MP: 5/5
  1167 | D:2      | You fall through a shaft!
  1237 | D:3      | HP: 2/49 [orc/+0 hand axe (3)]
  1240 | D:3      | Slain by an orc

Skill      XL: |  1  2  3  4 |
---------------+-------------+-----
Axes           | 3 |  3.4
Dodging        | 2 |  2.4
Armour         | 3 |  3.3
Fighting       | 4 |  4.2

Action                   |  1- 3 |  4- 6 || total
-------------------------+-------+-------++-------
Melee: Hand axe          |   107 |   101 ||   208
Invok: Berserk           |       |     2 ||     2
  Eat: Chunk             |       |     2 ||     2
Armor: Animal skin       |    57 |    26 ||    83
Dodge: Dodged            |   106 |    55 ||   161
